 Dungeon Crawl Stone Soup version 0.29-a0-284-gf9362112df (webtiles) character file.

Game seed: 5289931729447807765

4154 YayAnonymity the Cleaver (level 10, 0/77 HPs)
             Began as a Formicid Fighter on Mar 17, 2022.
             Was a Follower of Qazlal.
             Slain by a gnoll sergeant
             ... wielding a +0 halberd
              (10 damage)
             ... in a bailey.
             The game lasted 00:14:01 (8519 turns).

YayAnonymity the Cleaver (Formicid Fighter)         Turns: 8519, Time: 00:14:02

Health: 0/77       AC: 10    Str: 25    XL:     10   Next: 52%
Magic:  10/10      EV: 10    Int: 12    God:    Qazlal [*.....]
Gold:   317        SH:  7    Dex: 10    Spells: 9/9 levels left

rFire   . . .      SeeInvis +   a - +1 war axe (spect)
rCold   . . .      Faith    .   c - +0 buckler
rNeg    + . .      Spirit   .   x - +1 leather armour of Peeplomi {Int+4 Slay+4}
rPois   .          Reflect  .   (helmet unavailable)
rElec   .          Harm     .   (no cloak)
rCorr   .          Rampage  .   y - +2 pair of gloves
Will    +....                   k - +1 pair of boots
Stlth   +.........              g - amulet of the acrobat
HPRegen 0.22/turn               h - ring of positive energy
MPRegen 0.12/turn               (no ring)

@: mighty
A: permanent stasis, dig shafts and tunnels, antennae 3, four strong arms
a: Dig, Renounce Religion


You were in a bailey.
You worshipped Qazlal.
Qazlal was aware of your devotion.
You visited 2 branches of the dungeon, and saw 8 of its levels.
You also visited: Sewer and Bailey.

You collected 317 gold pieces.

Inventory:

Hand Weapons
 a - a +1 spectral war axe (weapon)
 b - a +4 great mace
Missiles
 t - 10 poisoned darts (quivered)
 u - 3 throwing nets
Armour
 c - a +0 buckler (worn)
 k - a +1 pair of boots (worn)
 p - a +0 chain mail
 x - the +1 leather armour of Peeplomi (worn) {Int+4 Slay+4}
   (You took it off an orc on level 4 of the Dungeon)

   Int:       It affects your intelligence (+4).
   Slay:      It affects your accuracy & damage with ranged weapons and melee
   (+4).
 y - a +2 pair of gloves (worn)
Jewellery
 g - an amulet of the acrobat (around neck)
 h - a ring of positive energy (left hand)
Wands
 e - a wand of polymorph (7)
 q - a wand of flame (53)
Scrolls
 f - 2 scrolls of fog
 l - 2 scrolls of amnesia
 n - a scroll of holy word {unknown}
 r - 2 scrolls of immolation
 s - a scroll of magic mapping
Potions
 d - 2 potions of might
 i - a potion of mutation
 j - 3 potions of curing
 m - 6 potions of flight
 o - a potion of attraction
 z - 3 potions of lignification {unknown}


   Skills:
 - Level 6.9 Fighting
 * Level 12.6 Axes
 - Level 6.9 Armour
 - Level 10.0 Shields


You had 9 spell levels left.
You didn't know any spells.
Your spell library contained the following spells:

 Spells                   Type           Power      Damage    Failure   Level
 Ensorcelled Hibernation  Hex/Ice        0%         N/A       54%         2
 Passwall                 Tmut/Erth      0%         N/A       54%         2
 Static Discharge         Conj/Air       0%         N/A       54%         2
 Frozen Ramparts          Ice            0%         1d2       78%         3
 Lesser Beckoning         Tloc           0%         N/A       78%         3
 Spider Form              Tmut/Pois      0%         N/A       78%         3
 Anguish                  Hex/Necr       0%         N/A       99%         4
 Ice Form                 Ice/Tmut       0%         N/A       99%         4
 Summon Ice Beast         Ice/Summ       0%         N/A       99%         4
 Lightning Bolt           Conj/Air       0%         1d11      100%        5
 Manifold Assault         Tloc           0%         N/A       100%        5
 Maxwell's Capacitive Co  Air            0%         ∞         100%        8
 Blink                    Tloc           Unusable   N/A       N/A         2
 Swiftness                Air            Unusable   N/A       N/A         3

Dungeon Overview and Level Annotations

Branches:
Dungeon (7/15)             Temple (1/1) D:6           Sewer (visited)
 Bailey (1/1)

Altars:
Ashenzari
Cheibriados
Dithmenos
Fedhas
Gozag
Hepliaklqana
Makhleb
Nemelex Xobeh
Okawaru
Qazlal
Ru
Sif Muna
Trog
Uskayaw
Vehumet
Wu Jian
Xom
Yredelemnul
The Shining One

Shops:
D:1 ?[=:   D:6 :


Innate Abilities, Weirdness & Mutations

You cannot be hasted, slowed, berserked, paralysed or teleported.
You can dig through walls and to a lower floor.
You have a pair of large antennae on your head. (SInv)
Your four strong arms can wield two-handed weapons with a shield.


Message History

The gnoll sergeant barely misses you. The gnoll completely misses you.
The wolf completely misses you. The wolf misses you.
The wolf completely misses you.
There is an open door here.
The wolf attacks as you move away! The wolf bites you.
* * * LOW HITPOINT WARNING * * *
The wolf attacks as you move away! The wolf completely misses you.
The wolf attacks as you move away! The wolf misses you.
The wolf barely misses you. The wolf attacks as you move away!
You block the wolf's attack.
There is an open door here.
The wolf attacks as you move away! The wolf completely misses you.
The wolf is engulfed in blazing flames.
The wolf closely misses you.
The wolf is engulfed in blazing flames.
The wolf bites you.
* * * LOW HITPOINT WARNING * * *
You block the wolf's attack.
You feel very mighty all of a sudden. You block the wolf's attack.
The wolf closely misses you.
The wolf stops to sniff the ground.
The wolf bites you.
* * * LOW HITPOINT WARNING * * *
The wolf barely misses you. You block the wolf's attack.
The wolf barely misses you.
You closely miss the wolf. You slash the wolf!
You kill the wolf!
Qazlal accepts your kill.
You slash the wolf!
Your +1 spectral war axe closely misses the wolf.
Your +1 spectral war axe hits the wolf!
The wolf closely misses you. The wolf bites you!
* * * LOW HITPOINT WARNING * * *
The wolf bites you but does no damage.
You slice the wolf!!
You kill the wolf!
Qazlal accepts your kill.
You slash the wolf!
You kill the wolf!
Qazlal accepts your kill.
The gnoll sergeant hits you from afar with a +0 halberd!
You die...

♣≈≈...######## #...≈≈♣♣
♣≈...##.8..... {###..≈.♣
♣≈..##....g.g. #..≈.♣♣
♣≈..#...{..... #..≈..♣
♣≈..#...{.##### #..≈..♣
♣≈..#{{{{##...## #..≈..♣♣
♣≈..##{###.....######..≈...♣
♣≈......#°†.§.))#...'.......
♣≈....))gg.@8.))'...'...)†.∩
♣≈......#..§...)#...'...)...
♣≈..##+###.....######..≈...♣
♣≈..# ##...##{{ #..≈...♣
♣≈..# ##### #..≈...♣ ♣≈..#
{{{ #..≈..♣♣ ♣≈..## {
#..≈.♣♣ ♣≈...## { {
{###..≈.♣ ♣≈≈...# #...≈≈♣♣


You could see 2 gnoll sergeants.

Vanquished Creatures
  Prince Ribbit (D:6)
  5 yaks
  Duvessa (D:5)
  A water moccasin (D:6)
  A sky beast (D:6)
  An ice beast (D:7)
  4 black bears
  A centaur (D:5)
  3 ogres
  3 wolves (Bailey)
  The ghost of sammy202020 the Skirmisher, an amateur GrFi (D:3)
  3 kobold brigands
  3 bullfrogs (D:6)
  A necrophage (D:4)
  3 scorpions
  Dowan (D:5)
  A human zombie (D:4)
  4 hounds
  A jelly (D:5)
  2 gnoll shamans
  2 orc priests
  An iguana (D:6)
  Ijyb (D:5)
  An orc wizard (D:7)
  A hound zombie (D:4)
  2 mummies (D:4)
  28 gnolls
  6 river rats (Sewer)
  13 adders
  2 white imps
  6 adder zombies (D:4)
  A worm (D:2)
  3 dart slugs
  10 orcs
  7 endoplasms
  5 giant cockroaches
  12 goblins
  3 hobgoblins
  10 jackals
  19 kobolds
  A quokka (D:1)
  11 ball pythons
  8 bats
  4 frilled lizards
  A quokka zombie (D:4)
  7 rats
206 creatures vanquished.

Notes
Turn   | Place    | Note
-------+----------+-------------------------------------------
     0 | D:1      | YayAnonymity the Formicid Fighter began the quest for the
                  | Orb.
     0 | D:1      | Reached XP level 1. HP: 18/18 MP: 1/1
    75 | D:1      | Reached XP level 2. HP: 23/24 MP: 2/2
   456 | D:1      | Found Akkurar's Jewellery Shoppe.
   505 | D:1      | Reached XP level 3. HP: 29/29 MP: 3/3
   505 | D:1      | Found Fuujul's Magic Scroll Boutique.
   519 | D:1      | Reached skill level 3 in Axes
   562 | D:1      | Found Bisek's Antique Armour Shoppe.
   831 | D:1      | Found Vom Xepn's Book Boutique.
  1571 | D:2      | Reached XP level 4. HP: 15/35 MP: 4/4
  2030 | D:2      | Reached skill level 4 in Axes
  2398 | D:1      | Reached XP level 5. HP: 35/41 MP: 5/5
  3239 | D:3      | Reached skill level 5 in Shields
  3258 | D:3      | Found a shimmering blue altar of Sif Muna.
  3283 | D:3      | Noticed an ogre
  3289 | D:3      | Killed an ogre
  3290 | D:3      | Reached skill level 5 in Axes
  3290 | D:3      | Reached XP level 6. HP: 45/47 MP: 6/6
  3327 | D:3      | Found a glowing drain.
  3340 | Sewer    | Entered a sewer
  3899 | D:3      | Reached skill level 9 in Axes
  3899 | D:3      | Reached XP level 7. HP: 59/59 MP: 7/7
  4008 | D:3      | Found a transporter.
  4010 | D:3      | Reached XP level 8. HP: 65/65 MP: 8/8
  4029 | D:3      | Noticed sammy202020's ghost (amateur GrFi)
  4205 | D:3      | Found a transporter.
  4249 | D:3      | Found a sparkling altar of Nemelex Xobeh.
  4459 | D:3      | Killed sammy202020's ghost
  4460 | D:3      | Reached skill level 10 in Axes
  4929 | D:4      | Identified the +1 leather armour of Peeplomi {Int+4 Slay+4}
  5225 | D:4      | Found a basalt altar of Yredelemnul.
  5712 | D:5      | Entered Level 5 of the Dungeon
  5763 | D:5      | Reached XP level 9. HP: 67/71 MP: 9/9
  5803 | D:5      | Found an iron altar of Okawaru.
  5948 | D:5      | Noticed Duvessa
  5949 | D:5      | Noticed Dowan
  5954 | D:5      | Killed Dowan
  5962 | D:5      | Killed Duvessa
  6310 | D:4      | Reached skill level 11 in Axes
  6433 | D:5      | Noticed Ijyb
  6440 | D:5      | Killed Ijyb
  6827 | D:6      | Reached skill level 10 in Shields
  6892 | D:6      | Found Ciufam's Book Emporium.
  6910 | D:6      | Noticed Prince Ribbit
  6918 | D:6      | Killed Prince Ribbit
  6919 | D:6      | Reached XP level 10. HP: 77/77 MP: 10/10
  6935 | D:6      | Found a bloodstained altar of Trog.
  7198 | D:6      | Found a staircase to the Ecumenical Temple.
  7204 | D:6      | Reached skill level 12 in Axes
  7211 | Temple   | Entered the Ecumenical Temple
  7273 | Temple   | Became a worshipper of Qazlal Stormbringer
  8307 | D:7      | Found a flagged portal.
  8336 | Bailey   | Entered a bailey
  8345 | Bailey   | Reached * piety under Qazlal
  8519 | Bailey   | Slain by a gnoll sergeant

Illustrated notes

Levels and vault maps discovered:
D:1:      sevenhm_arrival_forest_fort_small_4, layout_basic, serial_shops, shop,
          nicolae_shop_behind_doors, nicolae_diamond_shop, shop
D:2:      layout_basic, serial_aquarium, aquarium_bridge_straight
          [aquarium_subvault_bridge, aquarium_subvault_window,
          aquarium_subvault_bridge, aquarium_subvault_wall],
          aquarium_bridge_island_small [aquarium_subvault_small_open,
          aquarium_subvault_window, aquarium_subvault_wall,
          aquarium_subvault_bridge, aquarium_subvault_wall],
          aquarium_window_fake, aquarium_window_corner, aquarium_window_2,
          aquarium_view_2c, aquarium_balcony_1a
D:3:      layout_basic, nicolae_overflow_crystal_walls,
          nemelex_dance_club_becter, gammafunk_ghost_smash,
          gup_sewer_entry_spiral, solitary_fountain
D:4:      layout_loops_corners, lemuel_mausoleum_altar_yredelemnul
D:5:      layout_loops_cross, lemuel_coloured_pillars_altar, serial_glass,
          glass_columns_a, glass_columns_a, uniq_ijyb, uniq_duvessa
D:6:      layout_basic, trog_ov_bears_minmay, minmay_temple_entry_junction_2,
          serial_shops, nicolae_shop_advertising_works
          [nicolae_subvault_shop_adworks], grunt_decor_arrowhead,
          uniq_prince_ribbit1
D:7:      layout_basic, enter_bailey_5, minmay_stone_trees_large, uniq_pikel
Temple:   eino_temple_water
Bailey:   bailey_polearm_gnolls_kennysheep, bailey

Skill      XL: |  1  2  3  4  5  6  7  8  9 10 |
---------------+-------------------------------+-----
Shields        | 4 5 8 9 10 | 10.0
Axes           | 3 4 5 9 10 11 12 | 12.6
Fighting       | 6 |  6.9
Armour         | 6 |  6.9

Action                   |  1- 3 |  4- 6 |  7- 9 | 10-12 || total
-------------------------+-------+-------+-------+-------++-------
Melee: War axe           |    73 |   137 |   140 |    83 ||   433
Throw: Dart              |       |       |     4 |       ||     4
 Abil: Dig               |     1 |     1 |       |       ||     2
  Use: Scroll            |       |     7 |     8 |     2 ||    17
       Potion            |       |     1 |     1 |     1 ||     3
 Stab: Distracted        |       |       |     1 |       ||     1
Armor: Scale mail        |    37 |    45 |     1 |       ||    83
       Chain mail        |       |       |     8 |       ||     8
       Leather armour    |       |       |    12 |    23 ||    35
Dodge: Dodged            |    33 |    60 |    55 |    59 ||   207
Block: Buckler           |    17 |    40 |    24 |    35 ||   116

Table legend: (Time is in decaauts)
 A = Elapsed time spent in this place.
 B = Non-inter-level travel time spent in this place.
 C = Inter-level travel time spent in this place.
 D = Time resting spent in this place.
 E = Time spent auto-exploring this place.
 F = Levels seen in this place.
 G = Mean time per level.
                   A        B        C        D        E       F      G
               +--------+--------+--------+--------+--------+-----+--------+
         Total |   8779 |   8533 |    246 |    772 |   5997 |  10 |  877.9 |
       Dungeon |   7657 |   7430 |    227 |    772 |   5247 |   7 | 1093.9 |
        Temple |    227 |    208 |     19 |      0 |    190 |   1 |  227.0 |
         Sewer |    713 |    713 |      0 |      0 |    501 |   1 |  713.0 |
        Bailey |    181 |    181 |      0 |      0 |     59 |   1 |  181.0 |
               +--------+--------+--------+--------+--------+-----+--------+

Top non-repeatable levels by time:
     D:2: 1762 daAuts
     D:1: 1516 daAuts
     D:4: 1203 daAuts
     D:6: 1188 daAuts
     D:3: 1026 daAuts
     D:5: 863 daAuts
   Sewer: 713 daAuts
  Temple: 227 daAuts
  Bailey: 181 daAuts
     D:7: 95 daAuts
